 Dungeon Crawl Stone Soup version 0.20-a0-947-g2784f4f (webtiles) character file.

1744 Koga the Cleaver (level 9, -13/67 HPs)
             Began as a Hill Orc Fighter on Apr 3, 2017.
             Was an Initiate of Beogh.
             Mangled by a two-headed ogre
             ... wielding a +0 giant club
              (16 damage)
             ... on level 7 of the Dungeon.
             The game lasted 00:21:30 (5472 turns).

Koga the Cleaver (Hill Orc Fighter)                 Turns: 5472, Time: 00:21:30

Health: -13/67     AC:  9    Str: 22    XL:     9   Next: 6%
Magic:  9/9        EV: 12    Int:  9    God:    Beogh [......]
Gold:   187        SH: 10    Dex: 15    Spells: 8/8 levels left

rFire    . . .     SeeInvis +   k - +1 hand axe (freeze)
rCold    + + .     Gourm    .   c - +0 shield
rNeg     . . .     Faith    .   H - +0 scale mail {rC+}
rPois    .         Spirit   .   (no helmet)
rElec    .         Reflect  .   w - +0 cloak
rCorr    .         Harm     .   (no gloves)
MR       .....     Rnd*Rage +   t - +0 pair of boots
Stlth    +.........             K - amulet of rage
Regen    0.3/turn               s - ring of protection from cold
MPRegen  0.2/turn               q - +3 ring of intelligence

@: agile
A: see invisible, berserk 1, dopey 1, frail 1
a: Renounce Religion, Evoke Berserk Rage


You were on level 7 of the Dungeon.
You worshipped Beogh.
Beogh was noncommittal.
You were not hungry.

You visited 1 branch of the dungeon, and saw 7 of its levels.

You collected 313 gold pieces.
You spent 126 gold pieces at shops.

Inventory:

Hand Weapons
 k - a +1 hand axe of freezing (weapon)
 F - a +0 shortbow
Missiles
 G - 49 arrows
Armour
 c - a +0 shield (worn)
 t - a +0 pair of boots (worn)
 w - a +0 cloak (worn)
 H - a +0 scale mail of cold resistance (worn)
Jewellery
 q - a +3 ring of intelligence (right hand)
 s - a ring of protection from cold (left hand)
 K - an amulet of rage (around neck)
Wands
 y - a wand of paralysis (24/24)
 z - a wand of iceblast (9/15)
 I - a wand of lightning (9/15)
Scrolls
 a - a scroll of teleportation {unknown}
 e - 4 scrolls of identify
 h - a scroll of magic mapping {unknown}
 i - a scroll of enchant armour {unknown}
 l - 3 scrolls of amnesia
 r - 2 scrolls of random uselessness {unknown}
 u - 4 scrolls of remove curse
 x - 2 scrolls of recharging
 A - a scroll of fear
 C - a scroll of enchant weapon {unknown}
Potions
 d - 4 potions of might
 j - a potion of haste
 m - a potion of mutation
 n - 2 potions of curing
 p - a potion of agility
 v - a potion of resistance {unknown}
 B - a potion of cancellation {unknown}
 E - a potion of invisibility {unknown}
Books
 D - Dota Wehex's Tome of Creative Changing
   (You found it on level 6 of the Dungeon)

   Spells                             Type                      Level
   a - Summon Butterflies             Summoning                    1
   b - Beastly Appendage              Transmutation                1
   c - Petrify                        Transmutation/Earth          4
   d - Irradiate                      Conjuration/Transmutation    5
   e - Spellforged Servitor           Conjuration/Summoning        7
Comestibles
 b - a royal jelly
 f - 4 bread rations
 g - 3 fruits
 o - 4 meat rations


   Skills:
 + Level 5.8 Fighting
 * Level 13.5 Axes
 - Level 3.2 Armour
 - Level 3.2 Shields


You had 8 spell levels left.
You didn't know any spells.

Dungeon Overview and Level Annotations

Branches:
Dungeon (7/15)             Temple (0/1) D:4

Altars:
Nemelex Xobeh

Shops:
D:5 :   D:6 [

Annotations:
D:4 Koga's ghost, amateur HOFi


Innate Abilities, Weirdness & Mutations

You have supernaturally acute eyesight. (SInv)
You tend to lose your temper in combat.
You are dopey. (Int -2)
You are frail. (-10% HP)


Message History

The two-headed ogre hits you with a giant club! x2
You hit the two-headed ogre. You freeze the two-headed ogre.
The two-headed ogre is severely wounded.
You slash the two-headed ogre! You freeze the two-headed ogre.
The two-headed ogre is almost dead.
The two-headed ogre hits you but does no damage.
The two-headed ogre hits you with a giant club!!
* * * LOW HITPOINT WARNING * * *
You feel agile all of a sudden.
You hit the two-headed ogre. You freeze the two-headed ogre.
The two-headed ogre is almost dead.
You block the two-headed ogre's attack.
The two-headed ogre hits you with a giant club.
* * * LOW HITPOINT WARNING * * *
You barely miss the two-headed ogre.
The two-headed ogre is almost dead.
You barely miss the two-headed ogre.
The two-headed ogre is almost dead.
The two-headed ogre hits you with a giant club!
You die...

..# ###.#..## .# .###
####.....# ##.# .. #.....##..#
#..# #.#. #.##..###..###.# #.
.## ##.###..# #.....# . # ..
#.. ##.#####...#### . #.##.#
#a#.....#....# # .# #..#.#
#O#.########.# # .# #...# #@..#
#.## # .# ##..## #..## #..#
###.# ##....# #..# ##.# ##.<#
#..##.# #..## #.# ...####.###.#
#...#########<# #...##gg# #.#
#.#...........# .....#)## #.#
#.#...........##
..†....####.####.#............#
..##...........#.#.....=....#.#


You could see a two-headed ogre and a worker ant.

Vanquished Creatures
  An ogre (D:6)
  2 ice beasts
  2 phantoms
  A centaur (D:6)
  A bullfrog (D:6)
  A water moccasin zombie (D:7)
  A scorpion (D:7)
  3 wights (D:6)
  A howler monkey (D:4)
  2 crimson imps (D:5)
  A bullfrog zombie (D:5)
  A hound (D:5)
  A quasit (D:6)
  2 jellies (D:6)
  5 orc wizards
  Jessica (D:3)
  2 iguanas
  7 worker ants
  A hound skeleton (D:4)
  5 gnolls
  9 adders
  2 shadow imps
  An adder zombie (D:7)
  3 worms (D:2)
  A dart slug (D:1)
  6 leopard geckos
  21 orcs
  5 giant cockroaches
  4 goblins
  4 hobgoblins
  7 jackals
  5 kobolds
  5 quokkas
  7 bats
  7 frilled lizards
  A jackal skeleton (D:6)
  A leopard gecko skeleton (D:7)
  A leopard gecko zombie (D:6)
  A quokka skeleton (D:4)
  5 rats
  A plant (D:1)
138 creatures vanquished.

Vanquished Creatures (others)
  An orc (D:6)
1 creature vanquished.

Grand Total: 139 creatures vanquished

Notes
Turn   | Place    | Note
-------+----------+-------------------------------------------
     0 | D:1      | Koga the Hill Orc Fighter began the quest for the Orb.
     0 | D:1      | Reached XP level 1. HP: 19/19 MP: 1/1
    36 | D:1      | Reached skill level 3 in Axes
    82 | D:1      | Reached XP level 2. HP: 23/26 MP: 2/2
   136 | D:1      | Reached skill level 4 in Axes
   433 | D:2      | Reached XP level 3. HP: 31/31 MP: 3/3
   693 | D:2      | Reached skill level 5 in Axes
   898 | D:2      | Reached XP level 4. HP: 39/39 MP: 4/4
  1101 | D:3      | Noticed Jessica
  1106 | D:3      | Killed Jessica
  1106 | D:3      | Reached skill level 6 in Axes
  1289 | D:3      | Reached XP level 5. HP: 42/45 MP: 5/5
  1598 | D:3      | Reached skill level 7 in Axes
  1779 | D:3      | Gained mutation: You tend to lose your temper in combat. [potion of mutation]
  1779 | D:3      | Gained mutation: You are frail. (-10% HP) [potion of mutation]
  1779 | D:3      | Gained mutation: You are dopey. (Int -2) [potion of mutation]
  1779 | D:3      | Gained mutation: You have supernaturally acute eyesight. (SInv) [potion of mutation]
  1912 | D:4      | Found a staircase to the Ecumenical Temple.
  1989 | D:4      | Reached skill level 8 in Axes
  1989 | D:4      | Reached XP level 6. HP: 21/45 MP: 6/6
  2329 | D:4      | Reached skill level 9 in Axes
  2491 | D:4      | Noticed a phantom
  2508 | D:4      | Killed a phantom
  2508 | D:4      | Reached XP level 7. HP: 40/51 MP: 7/7
  2543 | D:4      | Noticed Koga's ghost (amateur HOFi)
  3140 | D:5      | Entered Level 5 of the Dungeon
  3156 | D:5      | Reached skill level 10 in Axes
  3263 | D:5      | Found Caal's Book Emporium.
  3493 | D:5      | Found a sparkling altar of Nemelex Xobeh.
  3500 | D:5      | Reached skill level 11 in Axes
  3556 | D:5      | Reached XP level 8. HP: 27/57 MP: 8/8
  3860 | D:5      | Reached skill level 12 in Axes
  4126 | D:6      | Became a worshipper of Beogh the Brigand
  4474 | D:6      | Identified Dota Wehex's Tome of Creative Changing
  4648 | D:6      | Reached skill level 5 in Fighting
  4759 | D:6      | Reached skill level 13 in Axes
  4865 | D:6      | Found Wock's Antique Armour Shoppe.
  4868 | D:6      | Bought a glowing scale mail for 126 gold pieces
  5108 | D:7      | Reached XP level 9. HP: 64/66 MP: 9/9
  5446 | D:7      | Noticed a two-headed ogre
  5470 | D:7      | HP: 2/67 [two-headed ogre/giant club (3)]
  5472 | D:7      | Mangled by a two-headed ogre

Vault maps used:
D:1:      dpeg_arrival_orchard
D:3:      uniq_jessica
D:4:      minmay_temple_entry_grid, first_bread
D:5:      serial_shops, shop_statue, nemelex_xobeh_ov_fountains_minmay
D:6:      serial_shops, shop
D:7:      marbit_many_paths, basic_altar

Skill      XL: |  1  2  3  4  5  6  7  8 |
---------------+-------------------------+-----
Axes           | 3 4 5 6 8 9 11 13 | 13.5
Fighting       | 5 |  5.8
Armour         | |  3.2
Shields        | |  3.2

Action                   |  1- 3 |  4- 6 |  7- 9 || total
-------------------------+-------+-------+-------++-------
Melee: War axe           |    32 |       |       ||    32
       Hand axe          |   104 |   141 |   279 ||   524
Invok: Convert to Beogh  |       |       |     1 ||     1
  Use: Potion            |       |     9 |     3 ||    12
       Scroll            |       |     5 |     4 ||     9
  Eat: Chunk             |       |     5 |     9 ||    14
       Fruit             |       |       |     1 ||     1
Armor: Scale mail        |    68 |    30 |   101 ||   199
Dodge: Dodged            |    38 |    24 |    50 ||   112
Block: Shield            |    62 |    58 |   104 ||   224
